 Dungeon Crawl Stone Soup version 0.20.1-1-g8b1a95d (webtiles) character file.

351 YourSirLucifer the Charlatan (level 6, -2/43 HPs)
             Began as a Demonspawn Artificer on Dec 23, 2017.
             Killed by divine providence
             ... invoked by an orc priest
              (14 damage)
             ... on level 3 of the Dungeon.
             The game lasted 00:12:37 (3245 turns).

YourSirLucifer the Charlatan (Demonspawn Artificer) Turns: 3245, Time: 00:12:38

Health: -2/43      AC:  5    Str: 13    XL:     6   Next: 34%
Magic:  19/19      EV: 12    Int: 12    God:
Gold:   81         SH:  0    Dex: 15    Spells: 5/5 levels left

rFire    . . .     SeeInvis +   y - +1 short sword
rCold    . . .     Gourm    +   (no shield)
rNeg     . . .     Faith    .   k - +0 ring mail
rPois    .         Spirit   .   (no helmet)
rElec    .         Reflect  .   (no cloak)
rCorr    .         Harm     .   (no gloves)
MR       .....                  (no boots)
Stlth    +.........             r - amulet of the gourmand
Regen    0.2/turn               i - ring of see invisible
MPRegen  0.2/turn               u - ring of magical power

@: no status effects
A: talons 1, powered by death 1
a: no special abilities


You were on level 3 of the Dungeon.
You were full.

You visited 1 branch of the dungeon, and saw 3 of its levels.
You also visited: Sewer.

You collected 81 gold pieces.

Inventory:

Hand Weapons
 h - a +0 hand crossbow
 y - a +1 short sword (weapon)
Missiles
 j - 28 arrows
 q - 7 tomahawks (quivered)
 w - 16 bolts
Armour
 b - a +0 leather armour
 k - a +0 ring mail (worn)
 t - a +0 helmet
Jewellery
 i - a ring of see invisible (left hand)
 r - an amulet of the gourmand (around neck)
 u - a ring of magical power (right hand)
Wands
 c - a wand of flame (7/48)
 d - a wand of enslavement (10/24)
 e - a wand of random effects (4/48)
 o - a wand of random effects (33/48)
Scrolls
 p - a scroll of teleportation
Potions
 a - a potion of flight
 m - a potion of agility
 s - a potion of curing
 x - a potion of heal wounds
Comestibles
 f - 2 bread rations
 g - 2 meat rations
 n - 2 royal jellies


   Skills:
 - Level 1.0 Fighting
 - Level 0.8 Short Blades
 + Level 3.8 Dodging
 - Level 0.8 Stealth
 + Level 6.1 Evocations


You had 5 spell levels left.
You didn't know any spells.

Dungeon Overview and Level Annotations

Branches:
Dungeon (3/15)

Altars:
Xom

Annotations:
D:3 letownia2's ghost, weakling DDNe


Innate Abilities, Weirdness & Mutations

You have sharp toenails.
You regenerate a little health from kills.


Message History

The orc barely misses your orc priest.
The orc hits your orc priest with a club.
The orc closely misses your orc priest.
The orc hits your orc priest with a club.
The orc closely misses your orc priest. The orc misses your orc priest.
The orc priest is no longer charmed.
You hit the orc but do no damage.
You see here a rat corpse.
Evoke which item? (* to show all) (? for menu, Esc to quit)
Aiming: Enslavement
Press: ? - help, Shift-Dir - straight line, f/p - orc priest
Aim: an orc priest, wielding a short sword (almost dead, chance to defeat MR: 64%)
The orc is charmed.
This wand has 10 charges left.
The orc priest calls down the wrath of Beogh upon you.
Your orc writhes in agony!
Your orc barely misses the orc priest.
The orc priest mumbles some strange prayers to Beogh against you.
Beogh smites you!
You die...

#.......#.# #.######
##.......#.# #.#
#........#.# #.# #+
#........#.# #.# ...
.........#.#######.# ...
#...........##.# ....
#..###.####.##.#
....#+###..#
#.####.##.###### #........#
#..@†o.........#
#........########o##.#.####
#........#.....o..##.#.#
####'##..#...#######.#.#
#.####..#..#.........#.#.#
.........>.#..######.#.#.#
...........#.o....# #.#.#
...........#..###.# #.#.#
..............#


You could see an orc priest and a friendly orc.

Vanquished Creatures
  Sigmund (D:2)
  A big kobold (Sewer)
  A killer bee zombie (D:3)
  2 adders (D:2)
  3 river rats
  An ooze (D:1)
  2 worms (D:2)
  A dart slug (D:1)
  2 leopard geckos
  An orc (D:3)
  4 ball pythons
  A giant cockroach (D:3)
  8 goblins
  3 hobgoblins (D:1)
  6 jackals (D:1)
  7 kobolds
  A quokka (D:2)
  3 bats
  4 frilled lizards
  2 rats
54 creatures vanquished.

Vanquished Creatures (collateral kills)
  An orc (D:3)
  A kobold (Sewer)
  A rat (Sewer)
3 creatures vanquished.

Vanquished Creatures (others)
  A river rat (Sewer)
  A jackal (D:1)
  A kobold (Sewer)
3 creatures vanquished.

Grand Total: 60 creatures vanquished

Notes
Turn   | Place    | Note
-------+----------+-------------------------------------------
     0 | D:1      | YourSirLucifer the Demonspawn Artificer began the quest for the Orb.
     0 | D:1      | Reached XP level 1. HP: 15/15 MP: 3/3
   208 | D:1      | Gained mutation: You regenerate a little health from kills. [demonic ancestry]
   208 | D:1      | Reached XP level 2. HP: 14/21 MP: 4/4
   547 | D:1      | Reached XP level 3. HP: 26/26 MP: 5/5
   671 | D:1      | Reached skill level 4 in Evocations
  1054 | D:2      | Found a shimmering altar of Xom.
  1699 | D:2      | Noticed Sigmund
  1883 | D:3      | Reached XP level 4. HP: 4/32 MP: 7/7
  1947 | D:3      | Found a glowing drain.
  1956 | Sewer    | Entered a sewer
  2185 | Sewer    | Noticed a big kobold
  2195 | Sewer    | Killed a big kobold
  2195 | Sewer    | Reached skill level 5 in Evocations
  2195 | Sewer    | Reached XP level 5. HP: 31/37 MP: 8/8
  2225 | Sewer    | Found a white marble altar of Elyvilon.
  2364 | D:3      | Noticed letownia2's ghost (weakling DDNe)
  2422 | D:2      | HP: 1/37 [adder (3)]
  3048 | D:2      | Killed Sigmund
  3048 | D:2      | Reached skill level 6 in Evocations
  3048 | D:2      | Gained mutation: You have sharp toenails. [demonic ancestry]
  3048 | D:2      | Reached XP level 6. HP: 43/43 MP: 8/10
  3245 | D:3      | Killed from afar by an orc priest

Skill      XL: |  1  2  3  4  5 |
---------------+----------------+-----
Dodging        | 2 3 |  3.8
Evocations     | 4 5 6 |  6.1
Fighting       | |  1.0
Short Blades   | |  0.8
Stealth        | |  0.8

Action                   |  1- 3 |  4- 6 || total
-------------------------+-------+-------++-------
Melee: Short sword       |   145 |    47 ||   192
       Kick              |       |     8 ||     8
 Fire: Hand crossbow     |       |    13 ||    13
Evoke: Wand              |    10 |    14 ||    24
  Use: Scroll            |     4 |     3 ||     7
       Potion            |       |     4 ||     4
  Eat: Chunk             |     6 |     1 ||     7
       Meat ration       |     1 |       ||     1
Armor: Leather armour    |    11 |       ||    11
       Ring mail         |    21 |    26 ||    47
Dodge: Dodged            |    90 |    52 ||   142
